Map: Битва гигантов

Players

Налётчик

  • Race: Zerg Zerg

MrEvseev

  • Race: Terran Terran

VOD

Have the link to the VOD?

Description

Time

  • Played on: March 11, 2019, 11:01 a.m.
  • Length: 15:56
Show
View Real Time Build Order
Export as new Build Order

Налётчик Zerg 

Build Orders:  

Get SALT Encoding   

  12  0:03  Drone  
  13  0:32  Spawning Pool  
  12  0:45  Extractor  
  11  0:52  Extractor, Drone x2  
  11  0:57  Drone  
  13  1:14  Drone  
  14  1:26  Overlord  
  14  1:51  Lair  
  14  1:55  Drone  
  15  2:16  Drone x2  
  17  2:21  Drone  
  18  2:35  Evolution Chamber  
  17  2:41  Drone  
  18  3:12  Spire  
  17  3:22  Heroic Fortitude  
  17  3:28  Drone  
  18  3:45  Drone x2  
  20  6:19  Mutalisk, Overlord  
  22  6:20  Overlord  
  22  6:23  Chain Reaction  
  22  7:02  Mutalisk x5  
  22  7:07  Hatchery  
  31  7:14  Extractor  
  31  7:19  Extractor  
  29  7:29  Mutalisk x2  
  33  7:43  Unknown  
  33  7:48  Rapid Regeneration  
  33  7:59  Drone x2  
  35  8:02  Queen  
  35  8:08  Drone  
  38  8:51  Drone x2  
  38  8:59  Mutalisk x2  
  44  9:03  Overlord x2  
  42  10:46  Zerg Flyer Weapons Level 1  
  42  10:48  Mutalisk x2  
  42  10:49  Mutalisk x5  
  56  10:55  Mutalisk  
  56  10:57  Drone x2  
  60  11:00  Overlord x2  
  60  11:01  Overlord  
  60  11:34  Mutalisk x2  
  60  11:35  Mutalisk  
  64  13:48  Mutalisk x3  
  64  13:49  Mutalisk x3  
  76  13:54  Mutalisk x4  
  76  13:57  Overlord x2  
Show
View Real Time Build Order
Export as new Build Order

MrEvseev Terran 

Build Orders:  

Get SALT Encoding   

  12  0:04  SCV  
  13  0:21  SCV  
  14  0:38  SCV  
  15  0:54  Fixers Safehouse  
  15  0:55  SCV  
  16  1:02  Refinery  
  16  1:12  SCV  
  17  1:23  Refinery  
  17  1:29  SCV  
  18  1:46  SCV  
  19  2:02  SCV  
  20  2:19  SCV  
  21  2:21  Engineering Bay  
  21  2:36  SCV  
  22  2:53  SCV  
  23  3:01  Tychus  
  23  3:02  Lt Layna Nikara  
  33  3:10  SCV  
  34  3:27  SCV  
  35  3:44  SCV  
  36  3:55  ITC-E Triggers  
  36  4:01  SCV  
  37  4:18  SCV  
  38  4:33  Command Center  
  38  5:25  Flashforce GDM Visor  
  38  5:42  SCV  
  39  5:59  SCV  
  40  6:08  Engineering Bay  
  40  6:16  SCV  
  41  6:26  Medivac Platform  
  40  6:33  SCV  
  40  6:38  Refinery  
  40  6:39  SCV  
  42  6:44  Refinery  
  42  6:47  Engineering Bay  
  42  6:50  SCV  
  42  6:56  SCV  
  44  7:13  SCV  
  45  7:20  SCV  
  45  7:24  Big Red Button  
  45  7:25  Outlaw Weapons Level 1, Outlaw Life and Armor Level 1  
  45  7:28  Medivac Platform  
  45  7:29  SCV  
  46  7:36  SCV  
  48  7:46  SCV  
  49  7:53  SCV  
  50  8:03  SCV  
  50  8:06  Vega  
  61  8:10  SCV  
  62  8:20  SCV  
  62  8:27  SCV  
  64  8:37  SCV  
  65  8:58  SCV  
  66  9:13  Muscle Armory  
  66  9:15  SCV  
  67  9:32  SCV  
  68  9:49  Procyon Twin Heal Beam Gauntlet, Procyon Serum  
  68  10:13  Moebius Psionic Motivator  
  68  10:57  Gunslingers Hideout  
  68  11:13  Outlaw Weapons Level 2, Outlaw Life and Armor Level 2  
  68  11:37  KD9a Implosion Core, Vanadium Shell  
  68  12:33  James Sirius Sykes  
  78  14:05  Kel-Morian Ripper Rounds, SureShot Networked Helmet  
Tags
 
Add a new tag
Caveats
  • Supply blocks, unpowered buildings, or Contaminate may cause inaccurate times.
  • Supply counts are checked every 10 seconds.